 Dungeon Crawl Stone Soup version 0.29.0-11-gd7f09526c8 (webtiles) character file.

Game seed: 10617820800334632718

14586 Arum the Fighter (level 12, -1/103 HPs)
             Began as a Formicid Fighter on Sept 5, 2022.
             Was an Elder of the Shining One.
             Slain by a yak (5 damage)
             ... on level 10 of the Dungeon.
             The game lasted 00:16:23 (11268 turns).

Arum the Fighter (Formicid Fighter)                Turns: 11268, Time: 00:16:23

Health: -1/103     AC: 18    Str: 32    XL:     12   Next: 47%
Magic:  12/12      EV: 10    Int:  8    God:    the Shining One [****..]
Gold:   532        SH:  5    Dex: 13    Spells: 11/11 levels left

rFire   . . .      SeeInvis +   a - +1 war axe
rCold   . . .      Faith    .   c - +0 buckler
rNeg    + + .      Spirit   .   e - +1 plate armour
rPois   +          Reflect  .   (helmet unavailable)
rElec   .          Harm     .   i - scarf {shadows}
rCorr   .          Rampage  .   m - +0 pair of gloves
Will    +....                   F - +0 pair of boots
Stlth   ..........              (no amulet)
HPRegen 0.27/turn               k - +6 ring of strength
MPRegen 0.13/turn               w - ring of poison resistance

@: glowing
A: permanent stasis, dig shafts and tunnels, antennae 3, four strong arms
a: Dig, Shaft Self, Renounce Religion, Divine Shield, Cleansing Flame


You were on level 10 of the Dungeon.
You worshipped the Shining One.
The Shining One was greatly pleased with you.
You visited 2 branches of the dungeon, and saw 11 of its levels.
You also visited: Bailey.

You collected 562 gold pieces.
You spent 30 gold pieces at shops.

Inventory:

Hand Weapons
 a - a +1 war axe (weapon)
 n - a +0 broad axe
 A - a +2 vorpal hand axe
Armour
 c - a +0 buckler (worn)
 e - a +1 plate armour (worn)
 i - a scarf of shadows (worn)
 m - a +0 pair of gloves (worn)
 F - a +0 pair of boots (worn)
 J - a +0 cloak
Jewellery
 d - the ring "Didisyqe" {rElec rCorr}
   (You acquired it on level 5 of the Dungeon)

   [ring of resist corrosion]

   rElec:     It insulates you from electricity.
   rCorr:     It protects you from acid and corrosion.
 k - a +6 ring of strength (left hand)
 v - a +6 ring of dexterity
 w - a ring of poison resistance (right hand)
 z - a ring of protection from fire
 D - a +4 ring of protection
Wands
 o - a wand of roots (16)
 r - a wand of polymorph (11)
 H - a wand of flame (13)
Scrolls
 b - 3 scrolls of fear
 h - 2 scrolls of enchant armour
 p - a scroll of magic mapping {unknown}
 q - a scroll of noise
 s - a scroll of vulnerability
 y - a scroll of torment
 C - 2 scrolls of amnesia
 L - a scroll of fog
Potions
 f - 3 potions of heal wounds
 g - 6 potions of magic
 j - 2 potions of flight
 l - a potion of might
 t - 2 potions of curing
 u - a potion of cancellation
 x - a potion of attraction
 E - a potion of lignification
 I - 2 potions of brilliance
 K - a potion of mutation


   Skills:
 + Level 12.8 Fighting
 + Level 11.6 Axes
 - Level 10.7 Armour
 - Level 5.0 Dodging
 + Level 6.1 Shields


You had 11 spell levels left.
You didn't know any spells.
Your spell library contained the following spells:

 Spells                   Type           Power      Damage    Failure   Level
 Apportation              Tloc           0%         N/A       97%         1
 Freeze                   Ice            0%         1d3       97%         1
 Magic Dart               Conj           0%         1d3       97%         1
 Necrotise                Necr           0%         1d4       97%         1
 Shock                    Conj/Air       0%         1d3       97%         1
 Slow                     Hex            0%         N/A       97%         1
 Summon Small Mammal      Summ           0%         N/A       97%         1
 Call Imp                 Summ           0%         N/A       99%         2
 Confusing Touch          Hex            0%         N/A       100%        3
 Frozen Ramparts          Ice            0%         1d1       100%        3
 Mephitic Cloud           Conj/Pois/Air  0%         N/A       100%        3
 Vampiric Draining        Necr           0%         2d6       100%        3
 Airstrike                Air            0%         2d(0-16)  100%        4
 Hailstorm                Conj/Ice       0%         3d3       100%        4
 Ice Form                 Ice/Tmut       0%         N/A       100%        4
 Simulacrum               Ice/Necr       0%         N/A       100%        6
 Swiftness                Air            Unusable   N/A       N/A         3

Dungeon Overview and Level Annotations

Branches:
Dungeon (10/15)            Temple (1/1) D:5          Bailey (visited)
   Lair: D:8-11         Orc: D:9-12

Altars:
Ashenzari
Cheibriados
Dithmenos
Elyvilon
Fedhas
Gozag
Hepliaklqana
Kikubaaqudgha
Makhleb
Nemelex Xobeh
Okawaru
Qazlal
Ru
Sif Muna
Trog
Uskayaw
Vehumet
Wu Jian
Xom
Yredelemnul
Zin
The Shining One

Shops:
D:6 *

Annotations:
D:10 Lodul


Innate Abilities, Weirdness & Mutations

You cannot be hasted, slowed, berserked, paralysed or teleported.
You can dig through walls and to a lower floor.
You have a pair of large antennae on your head. (SInv)
Your four strong arms can wield two-handed weapons with a shield.


Message History

The manticore closely misses you.
You slash the manticore!
The manticore is moderately wounded.
The manticore bites you! The manticore claws you. x2
You are too injured to fight recklessly!
You are too injured to fight recklessly!
You are too injured to fight recklessly!
You are too injured to fight recklessly!
You are too injured to fight recklessly!
You slice the manticore!!
The manticore is severely wounded.
The manticore bites you!
* * * LOW HITPOINT WARNING * * *
You block the manticore's attack. The manticore closely misses you.
You hit the manticore.
The manticore is almost dead.
You slash the manticore!
You kill the manticore!
Your Shields skill increases to level 6!
You slash the yak!
The yak is moderately wounded.
Lodul the Thundrous comes into view.
He is wielding a +0 dire flail.
The yak gores you.
* * * LOW HITPOINT WARNING * * *
Lodul shouts!
You hit the yak.
The yak is moderately wounded.
The yak gores you but does no damage. The yak attacks as you move away!
The yak barely misses you.
Electricity crackles from Lodul's apparatus.
The bolt of lightning misses you. The yak attacks as you move away!
The yak barely misses you. The yak attacks as you move away!
The yak gores you but does no damage. The yak attacks as you move away!
The yak gores you but does no damage.
There is a stone staircase leading up here.
Electricity crackles from Lodul's apparatus.
The bolt of lightning hits you!!
* * * LOW HITPOINT WARNING * * *
The yak gores you.
You die...

.....## #.# ......# #.#
>.....# #####.#####
......# #.O.......# #
>....####...[.....# .#
.....†............# ...
.....##.#.........# ....
....###.#.........#.....
...# #.#......Y@)......
#.# #.#......)).###...
#. #.#.........# #
#.#.........#
###.#####.###.#
......<...###.#
...>..........#
##.######.##### # ....


You could see Lodul and a yak.

Vanquished Creatures
  2 vault guards (Bailey)
  A two-headed ogre (D:8)
  A manticore (D:10)
  Psyche (D:8)
  Maggie (D:9)
  A troll (D:9)
  Prince Ribbit (Bailey)
  A hornet (D:9)
  7 yaks
  3 humans (Bailey)
  Menkaure (D:6)
  A water moccasin (D:7)
  2 orc warriors
  2 sky beasts
  A hornet zombie (D:6)
  8 ogres
  4 centaurs
  3 phantoms
  3 kobold brigands
  Blork the orc (D:6)
  3 necrophages
  13 bullfrogs
  2 water moccasin zombies (D:6)
  2 wyvern zombies (D:6)
  4 scorpions
  4 wights
  An electric eel (D:6)
  6 bullfrog zombies (D:6)
  2 hounds
  A bullfrog skeleton (D:6)
  A human zombie (D:6)
  6 orc priests
  A gnoll bouda (D:5)
  3 iron imps (D:5)
  5 jellies
  5 iguanas
  9 orc wizards
  5 killer bee zombies (D:6)
  A howler monkey zombie (D:6)
  Robin (D:4)
  4 gnolls
  11 adders
  A shadow imp (D:6)
  4 white imps
  A worm (D:2)
  4 dart slugs
  30 orcs
  8 endoplasms
  7 giant cockroaches
  16 goblins
  14 hobgoblins
  3 jackals (D:3)
  26 kobolds
  4 quokkas
  9 ball pythons
  4 frilled lizards
  8 rats
  A spectral goblin (D:6)
275 creatures vanquished.

Vanquished Creatures (others)
  An orc (D:5)
  A quokka (D:5)
  2 kobolds (D:8)
  A withered plant (D:6)
5 creatures vanquished.

Grand Total: 280 creatures vanquished

Notes
Turn   | Place    | Note
-------+----------+-------------------------------------------
     0 | D:1      | Arum the Formicid Fighter began the quest for the Orb.
     0 | D:1      | Reached XP level 1. HP: 18/18 MP: 1/1
   133 | D:1      | Reached XP level 2. HP: 24/24 MP: 2/2
   471 | D:1      | Reached XP level 3. HP: 30/30 MP: 3/3
   842 | D:2      | Reached skill level 4 in Fighting
   842 | D:2      | Reached XP level 4. HP: 35/37 MP: 4/4
  1396 | D:3      | Found a faded altar of an unknown god.
  1404 | D:3      | Prayed at the altar of an unknown god.
  1404 | D:3      | Became a worshipper of Elyvilon the Healer
  1404 | D:3      | Reached * piety under Elyvilon
  1569 | D:3      | Noticed a +0 dagger
  1570 | D:3      | Noticed a +0 dagger
  1570 | D:3      | Noticed a +0 spear
  1570 | D:3      | Noticed a +0 short sword
  1571 | D:3      | Noticed a +0 falchion
  1572 | D:3      | Noticed a +0 spear
  1573 | D:3      | Noticed a +0 short sword
  1577 | D:3      | Noticed a +0 falchion
  1749 | D:3      | Reached XP level 5. HP: 36/43 MP: 5/5
  2110 | D:3      | Noticed a centaur
  2121 | D:3      | Killed a centaur
  2122 | D:3      | Reached XP level 6. HP: 50/50 MP: 6/6
  2235 | D:3      | Reached ** piety under Elyvilon
  2338 | D:3      | Found a hide-covered altar of Uskayaw.
  2669 | D:4      | Reached skill level 5 in Armour
  2744 | D:4      | Found a bloodstained altar of Trog.
  2771 | D:4      | Reached skill level 5 in Fighting
  2910 | D:4      | Noticed Robin
  3279 | D:4      | Killed Robin
  4148 | D:4      | Reached *** piety under Elyvilon
  4202 | D:5      | Entered Level 5 of the Dungeon
  4213 | D:5      | Reached XP level 7. HP: 55/56 MP: 7/7
  4754 | D:5      | Reached skill level 6 in Fighting
  4851 | D:5      | Found a staircase to the Ecumenical Temple.
  4859 | Temple   | Entered the Ecumenical Temple
  5009 | Temple   | Fell from the grace of Elyvilon
  5009 | Temple   | Became a worshipper of the Shining One
  5009 | Temple   | Reached * piety under the Shining One
  5085 | D:5      | Found a white marble altar of Elyvilon.
  5100 | D:5      | Reached skill level 5 in Axes
  5123 | D:5      | Reached XP level 8. HP: 62/63 MP: 8/8
  5157 | D:5      | Identified a scroll of acquirement
  5157 | D:5      | Acquired the ring "Didisyqe" {rElec rCorr}
  5441 | D:5      | Found a burning altar of Makhleb.
  5441 | D:5      | Reached ** piety under the Shining One
  5681 | D:6      | Reached skill level 7 in Fighting
  5698 | D:6      | Found Mosiroem's Assorted Antiques.
  5703 | D:6      | Bought a scroll labelled MAORIO QUEHINO for 30 gold pieces
  5704 | D:6      | Noticed Blork the orc
  5715 | D:6      | Killed Blork the orc
  6321 | D:6      | Reached XP level 9. HP: 67/72 MP: 9/9
  6509 | D:6      | Reached *** piety under the Shining One
  6514 | D:6      | Reached skill level 8 in Fighting
  6674 | D:6      | Found a hazy altar of Hepliaklqana.
  7045 | D:6      | Noticed Menkaure
  7048 | D:6      | Identified the +4 ring mail of Suute {rC+}
  7051 | D:6      | Killed Menkaure
  7376 | D:6      | Found a basalt altar of Yredelemnul.
  7425 | D:6      | Reached **** piety under the Shining One
  7463 | D:6      | Reached XP level 10. HP: 82/82 MP: 10/10
  7592 | D:7      | Found a flagged portal.
  7604 | Bailey   | Entered a bailey
  7610 | Bailey   | Reached skill level 9 in Fighting
  7809 | Bailey   | Noticed Prince Ribbit
  7809 | Bailey   | Noticed a vault guard
  7821 | Bailey   | Killed a vault guard
  7837 | Bailey   | Killed Prince Ribbit
  7838 | Bailey   | Reached skill level 10 in Fighting
  7838 | Bailey   | Reached skill level 10 in Armour
  7863 | Bailey   | Reached skill level 11 in Fighting
  7863 | Bailey   | Reached skill level 10 in Axes
  7863 | Bailey   | Reached skill level 5 in Dodging
  7863 | Bailey   | Reached XP level 11. HP: 50/95 MP: 11/11
  8055 | Bailey   | Noticed a vault guard
  8080 | Bailey   | Killed a vault guard
  8298 | D:7      | Found a snail-covered altar of Cheibriados.
  8568 | D:7      | Found an ornate altar of the Wu Jian Council.
  8712 | D:7      | Reached skill level 12 in Fighting
  9165 | D:8      | Found a shimmering blue altar of Sif Muna.
  9179 | D:8      | Reached XP level 12. HP: 102/102 MP: 12/12
  9209 | D:8      | Noticed Psyche
  9453 | D:8      | Killed Psyche
  9793 | D:9      | Noticed a two-headed ogre
  9802 | D:8      | Killed a two-headed ogre
 10358 | D:9      | Noticed Maggie
 10368 | D:9      | Killed Maggie
 10369 | D:9      | Reached skill level 5 in Shields
 10428 | D:9      | Found an ancient bone altar of Kikubaaqudgha.
 10471 | D:9      | Found a blossoming altar of Fedhas.
 10527 | D:9      | Found a stormy altar of Qazlal.
 10742 | D:10     | Entered Level 10 of the Dungeon
 11256 | D:10     | Noticed Lodul
 11268 | D:10     | HP: 4/103 [Lodul/bolt of lightning (25)]
 11268 | D:10     | Slain by a yak

Illustrated notes

Levels and vault maps discovered:
D:1:      lightli_arrival_noodles, layout_rooms, chequers_serial_rivers_small_b,
          corexii_item_surrounded_by_moat
D:2:      layout_basic
D:3:      minmay_angry_zag, layout_basic, nicolae_uskayaw_en_pointe,
          hellmonk_ecumenical_altar_zigzags
D:4:      layout_basic, overflow_temple_1_default, uniq_robin
D:5:      layout_basic, demons_altar, elyvilon_altar_4,
          minmay_temple_entry_wispy, amcnicky_mini_corridor_feature,
          chequers_jeans, serial_bayou_pond_a, chequers_serial_rivers_small_b,
          feat_on_display
D:6:      layout_basic, lemuel_mausoleum_altar_yredelemnul,
          nicolae_hepliaklqana_monster_ancestors, serial_undead,
          serial_undead_a, serial_undead_b, serial_undead_b, serial_undead_f,
          serial_undead_f, serial_undead_a, serial_shops,
          nicolae_shop_hallway_plus, kennysheep_generic_room_5, uniq_menkaure,
          uniq_blork_the_orc
D:7:      layout_gridville, kennysheep_slug_shrine,
          mainiacjoe_overflow_boulevard, enter_bailey_3, corner_web_ring
D:8:      layout_rooms, overflow_temple_1_default, serial_glass,
          glass_columns_a, glass_columns_c, uniq_psyche
D:9:      layout_basic, grunt_temple_overflow_forces_of_nature,
          mainiacjoe_overflow_24_doors, uniq_maggie
D:10:     layout_loops_ring, erik_lair_dragon, uniq_joseph, uniq_lodul,
          uniq_fannar
Temple:   jpeg_temple_alley_garden

Skill      XL: |  1  2  3  4  5  6  7  8  9 10 11 12 |
---------------+-------------------------------------+-----
Fighting       | 4 5 6 7 8 11 12 | 12.8
Armour         | 4 5 6 7 8 10 | 10.7
Axes           | 3 4 5 6 7 10 11 | 11.6
Dodging        | 5 |  5.0
Shields        | 6 |  6.1

Action                   |  1- 3 |  4- 6 |  7- 9 | 10-12 || total
-------------------------+-------+-------+-------+-------++-------
Melee: War axe           |    76 |   171 |   274 |   261 ||   782
       Unarmed           |       |     9 |       |     2 ||    11
Invok: Divine Shield     |       |       |       |     1 ||     1
 Abil: Dig               |     1 |     1 |     4 |     4 ||    10
Evoke: Wand              |       |       |       |    11 ||    11
  Use: Potion            |     5 |       |       |     2 ||     7
       Scroll            |     3 |       |    10 |     7 ||    20
Armor: Plate armour      |    43 |   104 |   180 |   119 ||   446
Dodge: Dodged            |    18 |    64 |    87 |    99 ||   268
Block: Buckler           |    20 |    33 |    71 |    75 ||   199
